AoeStats
← 客官

Nomad

508221327Analyzed
4v4 RM · 12d ago on Sep 21, 2026· 46m 39s· 8 players
Game mode
Random Map
Map size
231×231
Population
200
Speed
Normal
Resources
Standard
Victory
Conquest
Starting age
Dark Age
Ending age
Imperial Age
RankedLock teamsTeams togetherTeam positionsShared explorationLock speedFull tech treeHidden civsTurbo modeCheats
Victory
Defeat
🇨🇳 Turks · China
1369
+15
🇨🇳 Tatars · China
1330
+17
🇹🇼 Mongols · Taiwan
1316
+17
🇨🇳 Japanese · China
1299
+18
🇭🇰 Berbers · Hong Kong SAR China
1375
-18
🇨🇳 Cumans · China
1374
-18
🇨🇳 Persians · China
1369
-18
🇹🇼 Huns · Taiwan
1259
-13
WOLF
3:47 Loom
19:42 Feudal Age
22:35 Fletching
26:01 Castle Age
23:56 Double-Bit Axe
42:13 Bow Saw
42:12 Horse Collar
43:14 Heavy Plow
43:46 Gold Mining
45:20 Padded Archer Armor
小农民
14:17 Feudal Age
14:19 Loom
15:38 Double-Bit Axe
15:45 Gold Mining
15:56 Fishing Lines
18:56 Fletching
24:06 Castle Age
23:35 Scale Barding Armor
23:41 Forging
25:09 Husbandry
25:22 Bloodlines
25:16 Horse Collar
25:35 Stone Mining
27:29 Chain Barding Armor
31:02 Bow Saw
33:50 Imperial Age
34:28 Wheelbarrow
33:39 Town Watch
35:33 Plate Barding Armor
35:34 Iron Casting
36:28 Conscription
37:00 Treadmill Crane
39:08 Blast Furnace
43:02 Gold Shaft Mining
42:26 Bodkin Arrow
42:32 Heavy Camel Rider
43:46 Hand Cart
Vic
5:30 Loom
13:49 Feudal Age
21:10 Castle Age
20:18 Padded Archer Armor
20:42 Fletching
20:38 Man-at-Arms
22:11 Thumb Ring
21:58 Crossbowman
23:06 Thumb Ring
27:41 Scale Mail Armor
36:21 Horse Collar
37:12 Heavy Plow
40:19 Town Watch
41:50 Wheelbarrow
42:26 Treadmill Crane
46:30 Imperial Age
45:20 Hand Cart
46:17 Husbandry
46:27 Bloodlines
46:32 Gold Mining
_LY_purplered
5:08 Loom
14:11 Feudal Age
18:07 Castle Age
16:03 Double-Bit Axe
16:49 Horse Collar
17:15 Fishing Lines
21:06 Bow Saw
21:36 Heavy Plow
22:43 Wheelbarrow
28:50 Scale Barding Armor
28:29 Elite Skirmisher
32:05 Chain Barding Armor
35:59 Imperial Age
35:33 Bloodlines
36:13 Forging
36:27 Husbandry
37:37 Conscription
36:57 Elite Keshik
38:44 Gold Mining
41:08 Plate Barding Armor
41:09 Iron Casting
43:30 Coinage
43:12 Guilds
43:53 Siege Engineers
44:49 Chemistry
45:01 Blast Furnace
45:30 Hand Cart
Guojiel
9:19 Loom
15:09 Feudal Age
19:48 Castle Age
18:01 Double-Bit Axe
18:00 Horse Collar
22:09 Fletching
23:57 Thumb Ring
23:55 Padded Archer Armor
23:58 Town Watch
27:37 Bloodlines
27:28 Husbandry
28:59 Bodkin Arrow
31:18 Wheelbarrow
33:20 Hand Cart
33:05 Town Patrol
34:18 Ballistics
35:05 Heavy Plow
36:45 Bow Saw
36:49 Husbandry
36:13 Light Cavalry
40:30 Imperial Age
38:41 Forging
38:37 Scale Barding Armor
40:14 Marauders
客官
5:00 Loom
15:45 Feudal Age
19:45 Castle Age
18:16 Double-Bit Axe
20:51 Town Watch
43:10 Stone Mining
418436883
5:49 Loom
13:48 Feudal Age
26:47 Castle Age
25:59 Double-Bit Axe
29:11 Bow Saw
30:38 Wheelbarrow
33:04 Hand Cart
37:10 Fletching
crazy ant
5:55 Loom
13:48 Feudal Age
17:55 Castle Age
17:13 Fletching
18:15 Double-Bit Axe
18:28 Town Watch
23:49 Bodkin Arrow
25:57 Wheelbarrow
35:33 Imperial Age
34:51 Padded Archer Armor
35:05 Bow Saw
36:02 Ballistics
36:46 Leather Archer Armor
36:33 Bracer
37:19 Conscription
37:08 Gold Mining
38:47 Chemistry
38:54 Bloodlines
38:27 Elite Camel Archer
40:05 Husbandry
44:39 Leather Archer Armor
44:43 Kasbah
Connection lost

Rejoining the realm…

Still unreachable

The connection could not be restored.

Session expired

The server has moved on; the page needs a fresh start.